 Dungeon Sprint DCSS version 0.23.2-1-ga50397a (webtiles) character file.

Game seed: 6510675493363878539

4363 nuthulu the Imperceptible (level 10, -1/51 HPs)
             Began as a Spriggan Enchanter on Apr 23, 2019.
             Was an Elder of Dithmenos.
             Asphyxiated
             ... in the Dungeon (Sprint III: "The Ten Rune Challenge").
             The game lasted 00:06:28 (984 turns).

nuthulu the Imperceptible (Spriggan Enchanter)       Turns: 984, Time: 00:06:29

Health: -1/51      AC:  2    Str:  4    XL:     10   Next: 12%
Magic:  19/21      EV:  9    Int: 19    God:    Dithmenos [****..]
Gold:   42         SH:  0    Dex: 20    Spells: 6/23 levels left

rFire    . . .     SeeInvis +   a - +1 dagger
rCold    . . .     Gourm    .   (shield restricted)
rNeg     . . .     Faith    .   b - +0 robe
rPois    .         Spirit   .   (helmet restricted)
rElec    .         Reflect  .   (no cloak)
rCorr    .         Harm     .   (gloves unavailable)
MR       +....     NoTele   +   (boots unavailable)
Stlth    ++++++++++             (no amulet)
HPRegen  0.17/turn              (no ring)
MPRegen  0.17/turn              (no ring)

@: lethally poisoned (-1 -> -56), held, slowed, wreathed by umbra, quick
A: very small, unfitting armour, talons 1, see invisible, clever 1, herbivore,
speed 3, slow metabolism 2
a: Shadow Step, Renounce Religion


You were in the Dungeon.
You worshipped Dithmenos.
Dithmenos was greatly pleased with you.
You were not hungry.

You visited 1 branch You collected 42 gold pieces.

Inventory:

Hand Weapons
 a - a +1 dagger (weapon)
Armour
 b - a +0 robe (worn)
Scrolls
 c - 2 scrolls of immolation {unknown}
 i - a scroll of amnesia {unknown}
 j - a scroll of blinking
 k - 2 scrolls of remove curse {unknown}
 m - a scroll of identify {unknown}
Potions
 e - a potion of curing
 f - 2 potions of heal wounds
 g - a potion of haste
 h - 2 potions of magic
 l - 3 potions of flight
 n - a potion of might
 o - a potion of berserk rage
Comestibles
 d - 4 rations


   Skills:
 + Level 5.0 Fighting
 - Level 1.1 Short Blades
 - Level 3.0 Dodging
 * Level 26.3 Stealth
 - Level 7.0 Spellcasting
 - Level 6.9 Conjurations
 - Level 7.4 Hexes


You had 6 spell levels left.
You knew the following spells:

 Your Spells              Type           Power        Failure   Level  Hunger
a - Corona                Hex            #####..      1%          1    None
b - Ensorcelled Hibernat  Hex/Ice        ###...       3%          2    None
c - Tukima's Dance        Hex            #####...     1%          3    #......
d - Dazzling Spray        Conj/Hex       ####..       1%          3    #......
e - Confuse               Hex            #####...     1%          3    #......
f - Slow                  Hex            #####...     1%          2    None
g - Mephitic Cloud        Conj/Pois/Air  ###.....     12%         3    #......

Your spell library contained the following spells:

 Spells                   Type           Power        Failure   Level  Hunger
 Magic Dart               Conj           ####         1%          1    None
 Conjure Flame            Conj/Fire      ###.....     8%          3    #......
 Blink                    Tloc           N/A          16%         2    None
 Call Imp                 Summ           #.......     16%         2    None


Dungeon Overview and Level Annotations

Branches:
Dungeon (1/1)

Altars:
Cheibriados
Dithmenos
Elyvilon
Fedhas
Gozag
Hepliaklqana
Kikubaaqudgha
Makhleb
Nemelex Xobeh
Okawaru
Qazlal
Ru
Sif Muna
Trog
Uskayaw
Vehumet
Wu Jian
Xom
Yredelemnul
Zin
The Shining One
Beogh
Jiyva
Lugonu

Annotations:
D Frances


Innate Abilities, Weirdness & Mutations

You are very small and have problems with some larger weapons.
You are too small for most types of armour.
You have supernaturally acute eyesight. (SInv)
You are a herbivore.
You cover ground extremely quickly.
You need to consume almost no food.
You have sharp toenails.
Your mind is acute. (Int +2)


Message History

You are more poisoned.
You have difficulty breathing.
You feel as though you will be slow longer.
You see here a curare-tipped needle.
You feel sick. Frances drops a net on you. A large net falls onto you!
You become entangled in the net!
There is an open door here.
You see here a throwing net.
You struggle against the net.
* * * LOW HITPOINT WARNING * * *
You feel very sick.
Frances shoots a curare-tipped needle.
The curare-tipped needle hits you.
You are more poisoned.
You have difficulty breathing.
* * * LOW HITPOINT WARNING * * *
You feel as though you will be slow longer.
Frances shoots a curare-tipped needle.
The curare-tipped needle hits you.
You are more poisoned.
You have difficulty breathing.
You die...

'## ..# ..# #'#
..#+#####################
..#....#.#.#.....#...^..+
..##.#..#)##.###.#.^^...#
..'##.#.#.##.#).##.....^#
..#...#..#.)##.)@(^.†^..#
▓▓▓▓▓▓▓▓▓▓▓▓▓▓▓▓#......^#
#.^.....# +.@.....#
#....^..# ##'###### #...+
#...# #)..#


You could see Frances.

Vanquished Creatures
  Donald (D)
  Erolcha (D)
  A deep elf mage (D)
  2 redbacks (D)
  A shadow (D)
  A spatial vortex (D)
  A necrophage (D)
  4 two-headed ogres (D)
  A water elemental (D)
  A scorpion (D)
  A jelly (D)
  A wizard (D)
  A necromancer (D)
  3 humans (D)
  A kobold demonologist (D)
  An ooze (D)
  3 rats (D)
25 creatures vanquished.

Vanquished Creatures (collateral kills)
  A two-headed ogre (D)
1 creature vanquished.

Vanquished Creatures (others)
  2 draconian scorchers (D)
  A hydra (D)
  6 hellions (D)
  A yaktaur (D)
  A dancing weapon (D)
  4 plants (D)
15 creatures vanquished.

Grand Total: 41 creatures vanquished

Notes
Turn   | Place    | Note
-------+----------+-------------------------------------------
     0 | D        | nuthulu the Spriggan Enchanter began the quest for the Orb.
     0 | D        | Reached XP level 1. HP: 9/9 MP: 5/5
     7 | D        | Reached skill level 5 in Stealth
    16 | D        | Killed a yaktaur
    69 | D        | Reached skill level 6 in Stealth
    69 | D        | Reached skill level 5 in Hexes
    69 | D        | Reached XP level 2. HP: 13/13 MP: 5/8
    82 | D        | Killed a hellion
    89 | D        | Learned a level 2 spell: Ensorcelled Hibernation
   101 | D        | Killed a hellion
   102 | D        | Killed a hellion
   112 | D        | Noticed a scorpion
   119 | D        | Killed a scorpion
   119 | D        | Reached skill level 8 in Stealth
   119 | D        | Reached XP level 3. HP: 16/16 MP: 5/11
   119 | D        | Reached XP level 4. HP: 21/21 MP: 5/13
   125 | D        | Learned a level 3 spell: Tukima's Dance
   129 | D        | Learned a level 3 spell: Dazzling Spray
   133 | D        | Learned a level 3 spell: Confuse
   149 | D        | Gained mutation: Armour fits poorly on your strangely
                  | shaped body. [potion of mutation]
   149 | D        | Gained mutation: You have a pair of small antennae on your
                  | head. [potion of mutation]
   150 | D        | Lost mutation: You have a pair of small antennae on your
                  | head. [potion of mutation]
   150 | D        | Lost mutation: Armour fits poorly on your strangely shaped
                  | body. [potion of mutation]
   150 | D        | Gained mutation: You can translocate small distances at
                  | will. [potion of mutation]
   150 | D        | Gained mutation: You are somewhat resistant to further
                  | mutation. [potion of mutation]
   151 | D        | Lost mutation: You are somewhat resistant to further
                  | mutation. [potion of mutation]
   151 | D        | Lost mutation: You can translocate small distances at will.
                  | [potion of mutation]
   151 | D        | Gained mutation: You expend magic power (3 MP) to
                  | strengthen your wands. [potion of mutation]
   151 | D        | Gained mutation: Your system is resistant to poisons.
                  | (rPois) [potion of mutation]
   157 | D        | Lost mutation: You expend magic power (3 MP) to strengthen
                  | your wands. [potion of mutation]
   157 | D        | Lost mutation: Your system is resistant to poisons. (rPois)
                  | [potion of mutation]
   157 | D        | Gained mutation: You tend to lose your temper in combat.
                  | [potion of mutation]
   157 | D        | Gained mutation: You have sharp toenails. [potion of
                  | mutation]
   157 | D        | Gained mutation: Your mind is acute. (Int +2) [potion of
                  | mutation]
   158 | D        | Lost mutation: You have sharp toenails. [potion of
                  | mutation]
   158 | D        | Lost mutation: You tend to lose your temper in combat.
                  | [potion of mutation]
   158 | D        | Lost mutation: Your mind is acute. (Int +2) [potion of
                  | mutation]
   158 | D        | Gained mutation: You have sharp toenails. [potion of
                  | mutation]
   158 | D        | Gained mutation: Your mind is acute. (Int +2) [potion of
                  | mutation]
   158 | D        | Killed a hellion
   170 | D        | Killed an eight-headed hydra
   186 | D        | Killed a hellion
   193 | D        | Noticed a water elemental
   196 | D        | Killed a water elemental
   196 | D        | Reached skill level 10 in Stealth
   205 | D        | Killed a hellion
   208 | D        | Noticed a shadow
   210 | D        | Killed a shadow
   210 | D        | Reached skill level 15 in Stealth
   210 | D        | Reached XP level 5. HP: 24/24 MP: 15/15
   210 | D        | Reached XP level 6. HP: 28/28 MP: 17/17
   219 | D        | Found a blossoming altar of Fedhas.
   219 | D        | Found a stormy altar of Qazlal.
   219 | D        | Found a snail-covered altar of Cheibriados.
   219 | D        | Found a burning altar of Makhleb.
   219 | D        | Found a shimmering altar of Xom.
   220 | D        | Found a hazy altar of Hepliaklqana.
   220 | D        | Found an opulent altar of Gozag.
   220 | D        | Found a sparkling altar of Nemelex Xobeh.
   220 | D        | Found a corrupted altar of Lugonu.
   220 | D        | Found a viscous altar of Jiyva.
   220 | D        | Noticed a spatial vortex
   222 | D        | Killed a spatial vortex
   222 | D        | Reached skill level 17 in Stealth
   224 | D        | Killed a white draconian scorcher
   231 | D        | Found a basalt altar of Yredelemnul.
   231 | D        | Found a shadowy altar of Dithmenos.
   231 | D        | Found a sacrificial altar of Ru.
   233 | D        | Reached skill level 18 in Stealth
   233 | D        | Reached XP level 7. HP: 32/32 MP: 18/18
   238 | D        | Became a worshipper of Dithmenos the Shadowed
   247 | D        | Found a glowing silver altar of Zin.
   247 | D        | Found a glowing golden altar of the Shining One.
   247 | D        | Found a white marble altar of Elyvilon.
   247 | D        | Noticed a deep elf mage
   250 | D        | Killed a deep elf mage
   250 | D        | Reached skill level 21 in Stealth
   260 | D        | Found a radiant altar of Vehumet.
   260 | D        | Found a deep blue altar of Sif Muna.
   260 | D        | Found an ancient bone altar of Kikubaaqudgha.
   264 | D        | Reached * piety under Dithmenos
   264 | D        | Reached XP level 8. HP: 36/36 MP: 19/19
   275 | D        | Found a hide-covered altar of Uskayaw.
   275 | D        | Found a roughly hewn altar of Beogh.
   275 | D        | Found an iron altar of Okawaru.
   275 | D        | Found a bloodstained altar of Trog.
   275 | D        | Found an ornate altar of the Wu Jian Council.
   278 | D        | Reached skill level 22 in Stealth
   278 | D        | Reached skill level 1 in Conjurations
   315 | D        | Killed a white draconian scorcher
   345 | D        | Reached ** piety under Dithmenos
   464 | D        | Learned a level 2 spell: Slow
   468 | D        | Learned a level 3 spell: Mephitic Cloud
   485 | D        | Noticed a two-headed ogre
   632 | D        | Killed a two-headed ogre
   946 | D        | Noticed a two-headed ogre
   946 | D        | Noticed Erolcha
   948 | D        | Killed Erolcha
   948 | D        | Reached skill level 23 in Stealth
   948 | D        | Reached XP level 9. HP: 39/39 MP: 20/20
   949 | D        | Killed a two-headed ogre
   949 | D        | Reached *** piety under Dithmenos
   949 | D        | Reached skill level 24 in Stealth
   960 | D        | Reached skill level 1 in Fighting
   969 | D        | Noticed Donald
   970 | D        | Noticed Frances
   973 | D        | Killed Donald
   973 | D        | Reached **** piety under Dithmenos
   973 | D        | Reached skill level 5 in Fighting
   973 | D        | Reached skill level 26 in Stealth
   973 | D        | Reached XP level 10. HP: 51/51 MP: 21/21
   984 | D        | Asphyxiated

Skill      XL: |  1  2  3  4  5  6  7  8  9 |
---------------+----------------------------+-----
Stealth        | 6 8 15 18 21 23 26 | 26.3
Spellcasting   | 4 6 7 |  7.0
Hexes          | 5 6 7 |  7.4
Conjurations   | 6 |  6.9
Fighting       | 5 |  5.0
Short Blades   | |  1.1
Dodging        | |  3.0

Action                   |  1- 3 |  4- 6 |  7- 9 | 10-12 || total
-------------------------+-------+-------+-------+-------++-------
Melee: Dagger            |    12 |     5 |    23 |       ||    40
       Kick              |       |       |     3 |       ||     3
 Cast: Corona            |     2 |       |       |       ||     2
       Ensorcelled Hiber |     1 |       |     8 |       ||     9
       Tukima's Dance    |       |       |     6 |     1 ||     7
       Confuse           |       |       |     2 |       ||     2
       Mephitic Cloud    |       |       |     2 |       ||     2
       Slow              |       |       |     1 |       ||     1
  Use: Potion            |     1 |     5 |       |       ||     6
 Stab: Sleeping          |     6 |     5 |    13 |       ||    24
       Confused          |       |       |     2 |       ||     2
Dodge: Dodged            |     5 |       |    18 |     1 ||    24
